 Dungeon Sprint DCSS version 0.20-a0-640-g62ed22f (webtiles) character file.

0 esc the Cutter (level 1, -1/11 HPs)
             Began as a Vine Stalker Gladiator on Feb 12, 2017.
             Slain by a worker ant (4 damage)
             ... in the Dungeon (Sprint VI: "Thunderdome").
             The game lasted 00:00:52 (30 turns).

esc the Cutter (Vine Stalker Gladiator)               Turns: 30, Time: 00:00:53

Health: -1/11      AC:  4    Str: 16    XL:     1   Next: 20%
Magic:  0/11       EV: 12    Int: 12    God:
Gold:   65         SH:  0    Dex: 15    Spells: 1/1 levels left

rFire    + . .     SeeInvis .   a - +0 rapier
rCold    . . .     Gourm    .   b - +0 leather armour
rNeg     + . .     Faith    +   (no shield)
rPois    .         Spirit   +   c - +0 helmet
rElec    .         Reflect  .   (no cloak)
rCorr    .         Harm     .   (no gloves)
MR       +....     NoTele   +   (no boots)
Stlth    ..........             p - amulet of Royalty {Faith rF+}
Regen    0.1/turn               q - ring of Fifre {+Inv rN+ MR+ Int+4 Stlth-}
MPRegen  0.2/turn               r - ring "Coyfin" {+Fly MP+9}

@: no status effects
A: fangs 2, magic shield, antimagic bite, no potion heal 3, rot immunity
a: Evoke Invisibility, Evoke Flight


You were in the Dungeon.
You were not hungry.

You visited 1 branch You collected 200 gold pieces.
You spent 135 gold pieces at shops.

Inventory:

Hand Weapons
 a - a +0 rapier (weapon)
Missiles
 d - 3 throwing nets {=f, !d}
Armour
 b - a +0 leather armour (worn)
 c - a +0 helmet (worn)
Jewellery
 p - the amulet of Royalty (around neck) {Faith rF+}
   (You bought it in a shop in the Dungeon)

   [amulet of faith]

   It allows you to gain divine favour quickly.
   It protects you from fire.
 q - the ring of Fifre (right hand) {+Inv rN+ MR+ Int+4 Stlth-}
   (You bought it in a shop in the Dungeon)

   [ring of loudness]

   It affects your intelligence (+4).
   It protects you from negative energy.
   It affects your resistance to hostile enchantments.
   It lets you turn invisible.
   It makes you less stealthy.
 r - the ring "Coyfin" (left hand) {+Fly MP+9}
   (You bought it in a shop in the Dungeon)

   [ring of magical power]

   It affects your magic capacity (+9).
   It lets you fly.
Wands
 l - a wand of acid (5/15)
   (You found it in the Dungeon)
 m - a wand of iceblast (5/15)
   (You found it in the Dungeon)
Scrolls
 k - 4 scrolls of blinking {!r}
 n - 3 scrolls of fog
Potions
 g - 4 potions of heal wounds
 h - 4 potions of haste
 i - 2 potions of magic
 j - a potion of berserk rage {!q}
 o - a potion of resistance
Comestibles
 f - a bread ration {@e1}


   Skills:
 + Level 2.0 Fighting
 + Level 2.8 Short Blades
 - Level 1.7 Throwing
 + Level 0.4 Armour
 + Level 2.5 Dodging
 + Level 0.6 Spellcasting


You had one spell level left.
You didn't know any spells.

Dungeon Overview and Level Annotations

Branches:
Dungeon (1/1)

Altars:
Fedhas
Makhleb
Okawaru
Qazlal
Trog
Xom
Zin

Shops:
D *[%?


Innate Abilities, Weirdness & Mutations

You have extremely sharp teeth.
When hurt, damage is shared between your health and your magic reserves.
Your bite disrupts and absorbs the magic of your enemies.
Potions cannot restore your health.
You are immune to rotting.


Message History

You have entered the arena!
You will win if you kill everything that spawns (including allies).
If it is a boss round, you only need to kill the boss in order to win.
If it is a lightning round, you only need to survive!
Welcome, esc the Vine Stalker Gladiator.
Found 200 gold pieces.
Found a staircase leading out of the dungeon.
l - a wand of acid (5/15);
m - a wand of iceblast (5/15)
k - 4 scrolls of blinking {!r} (gained 3)
n - 3 scrolls of fog;
h - 4 potions of haste (gained 3)
g - 4 potions of heal wounds (gained 3);
o - a potion of resistance You now have 200 gold pieces.
Your movement speed is average.
Your attack speed is average.
Found an iron altar of Okawaru and a shimmering altar of Xom.
Found a bloodstained altar of Trog and a burning altar of Makhleb.
Unknown command.
Get ready!
Found a blossoming altar of Fedhas.
Found Dirchuci's Bee Food and Zumonus's Identification Station.
Found a stormy altar of Qazlal and a glowing silver altar of Zin.
ROUND 1!
FIGHT!
Found Leps's Jewellery and Kake's Advanced Armour.
A hobgoblin comes into view.
You hit the hobgoblin. Your bite misses the hobgoblin. The hobgoblin hits you.
You take 1 damage, and have 10/11 hp.
You puncture the hobgoblin!
You kill the hobgoblin!
Your Fighting skill increases to level 2!
No target in view!
A worker ant comes into view.
You see here a hobgoblin corpse.
You butcher the hobgoblin corpse.
You see here a chunk of flesh {@w0}.
The worker ant twitches its antennae in your direction.
There is an entrance to Leps's Jewellery here.
p - a flickering bone amulet;
q - a shimmering wooden ring
r - a shimmering steel ring Thank you for shopping at Leps's Jewellery!
Put on which piece of jewellery? (? for menu, Esc to quit)
You feel a strange surge of divine interest.
p - the amulet of Royalty (around neck) {Faith rF+} Put on which piece of jewellery? (? for menu, Esc to quit)
You feel your magic capacity increase.
r - the ring "Coyfin" (left hand) {+Fly MP+9} Put on which piece of jewellery? (? for menu, Esc to quit)
You feel clever.
q - the ring of Fifre (right hand) {+Inv rN+ MR+ Int+4 Stlth-} The worker ant bites you but does no damage.
You closely miss the worker ant. Your bite misses the worker ant.
The worker ant barely misses you.
You hit the worker ant but do no damage.
The worker ant bites you.
You take 2 damage, and have 8/11 hp.
You hit the worker ant. The worker ant completely misses you.
The worker ant bites you.
You take 1 damage, and have 7/11 hp.
You hit the worker ant. The worker ant completely misses you.
You hit the worker ant. The worker ant barely misses you.
You closely miss the worker ant.
You bite the worker ant, but do no damage.
The worker ant barely misses you.
You hit the worker ant. Your bite misses the worker ant.
The worker ant bites you.
You take 2 damage, and have 5/11 hp.
You now have 2/11 mp.
You barely miss the worker ant. Your bite misses the worker ant.
The worker ant bites you.
* * * LOW HITPOINT WARNING * * *
You are lethally poisoned!
The worker ant poisons you! The worker ant misses you.
You take 2 damage, and have 3/11 hp.
You now have 1/11 mp.
Your system rejects the healing.
You feel better. The worker ant bites you.
You die...

#_....... #_.......
###.........#
#⌠........ ..
######.8...... ..8
##∩.__......# ...
###∩........8.# .8..
#..%@.........###....
#⌠....a.....###...#
#⌠..........# #.<.#
#⌠..........# #...#
##.............###..
###∩........8. .8..
##∩___......# ...
######.8.... ..8
#⌠.... ..


You could see a worker ant.

Vanquished Creatures
  A hobgoblin (D)
1 creature vanquished.

Notes
Turn   | Place    | Note
-------+----------+-------------------------------------------
     0 | D        | esc the Vine Stalker Gladiator began the quest for the Orb.
     0 | D        | Reached XP level 1. HP: 11/11 MP: 2/2
     1 | D        | Found an iron altar of Okawaru.
     1 | D        | Found a shimmering altar of Xom.
     2 | D        | Found a bloodstained altar of Trog.
     2 | D        | Found a burning altar of Makhleb.
     3 | D        | Found a blossoming altar of Fedhas.
     4 | D        | Found Dirchuci's Bee Food.
     4 | D        | Found a stormy altar of Qazlal.
     4 | D        | Found a glowing silver altar of Zin.
     4 | D        | Found Zumonus's Identification Station.
     5 | D        | Found Leps's Jewellery.
     5 | D        | Found Kake's Advanced Armour.
     5 | D        | Round 1.
    13 | D        | Reached skill level 2 in Fighting
    15 | D        | Noticed a worker ant
    17 | D        | Bought a flickering bone amulet for 45 gold pieces
    17 | D        | Bought a shimmering wooden ring for 45 gold pieces
    17 | D        | Bought a shimmering steel ring for 45 gold pieces
    17 | D        | Identified the amulet of Royalty {Faith rF+} (You bought it in a shop in the Dungeon)
    18 | D        | Identified the ring "Coyfin" {+Fly MP+9} (You bought it in a shop in the Dungeon)
    19 | D        | Identified the ring of Fifre {+Inv rN+ MR+ Int+4 Stlth-} (You bought it in a shop in the Dungeon)
    30 | D        | Slain by a worker ant

Vault maps used:
D:        arena_sprint

Skill      XL: |  1 |
---------------+----+-----
Fighting       | 2 |  2.0
Short Blades   | |  2.8
Throwing       | |  1.7
Armour         | |  0.4
Dodging        | |  2.5
Spellcasting   | |  0.6

Action                   || total
-------------------------++-------
Melee: Rapier            ||    10
       Bite              ||     1
  Use: Potion            ||     1
Armor: Leather armour    ||     1
Dodge: Dodged            ||     6

Vault maps used:
D:        arena_sprint

Table legend:
 A = Turns spent in this place as a percentage of turns spent in the entire game.
 B = Non-inter-level travel turns spent in this place as a percentage of non-inter-level travel turns spent in the entire game.
 C = Inter-level travel turns spent in this place as a percentage of turns spent in this place.
 D = Turns resting spent in this place as a percentage of non-inter-level travel turns spent in this place.
 E = Turns spent auto-exploring this place as a percentage of non-inter-level travel turns spent in this place.
 F = Non-inter-level travel turns spent in this place divided by the number of levels of this place that you've seen.
                   A       B       C       D       E      F
               +-------+-------+-------+-------+-------+----------------------
         Total | 100.0 | 100.0 |   0.0 |   0.0 |   0.0 |  39.0
       Dungeon | 100.0 | 100.0 |   0.0 |   0.0 |   0.0 |  39.0
               +-------+-------+-------+-------+-------+----------------------

Table legend:
 A = Kills in this place as a percentage of kills in entire the game.
 B = Kills by you in this place as a percentage of kills by you in the entire game.
 C = Kills by friends in this place as a percentage of kills by friends in the entire game.
 D = Other kills in this place as a percentage of other kills in the entire game.
 E = Experience gained in this place as a percentage of experience gained in the entire game.
 F = Experience gained in this place divided by the number of levels of this place that you have seen.
                   A       B       C       D       E      F
               +-------+-------+-------+-------+-------+----------------------
         Total | 100.0 | 100.0 |  -nan |  -nan | 100.0 |   2.0
       Dungeon | 100.0 | 100.0 |  -nan |  -nan | 100.0 |   2.0
               +-------+-------+-------+-------+-------+----------------------
